 Dungeon Crawl Stone Soup version 0.29.0-4-gdea44cf6ec (webtiles) character file.

Game seed: 13194263508750387040

11 qw the Chopper (level 2, 0/17 HPs)
             Began as a Tengu Warper on Aug 28, 2022.
             Frozen to death by an endoplasm (3 damage)
             ... on level 1 of the Dungeon.
             The game lasted 00:00:03 (742 turns).

qw the Chopper (Tengu Warper)                        Turns: 742, Time: 00:00:04

Health: 0/17       AC:  3    Str: 11    XL:     2   Next: 29%
Magic:  6/6        EV: 11    Int: 13    God:
Gold:   56         SH:  0    Dex: 13    Spells: 5/5 levels left

rFire   . . .      SeeInvis .   a - +0 hand axe
rCold   . . .      Faith    .   (no shield)
rNeg    . . .      Spirit   .   b - +0 leather armour
rPois   .          Reflect  .   (helmet restricted)
rElec   .          Harm     .   (no cloak)
rCorr   .          Rampage  .   (no gloves)
Will    .....                   (boots unavailable)
Stlth   +.........              (no amulet)
HPRegen 0.05/turn               (no ring)
MPRegen 0.10/turn               (no ring)

@: no status effects
A: beak, talons 3
a: no special abilities


You were on level 1 of the Dungeon.
You visited 1 branch of the dungeon, and saw 1 of its levels.

You collected 56 gold pieces.


Innate Abilities, Weirdness & Mutations

You have a beak for a mouth.
You have claws for feet.


   Skills:
 - Level 2.0 Fighting
 + Level 3.2 Axes
 - Level 1.0 Throwing
 - Level 1.1 Armour
 - Level 2.1 Dodging
 - Level 2.0 Spellcasting
 - Level 2.4 Translocations


You had 5 spell levels left.
You didn't know any spells.
Your spell library contained the following spells:

 Spells                   Type           Power      Damage    Failure   Level
 Blink                    Tloc           14%        N/A       19%         2
 Gell's Gravitas          Tloc           7%         N/A       36%         3
 Lesser Beckoning         Tloc           7%         N/A       36%         3
 Teleport Other           Tloc           7%         N/A       36%         3
 Manifold Assault         Tloc           7%         N/A       98%         5

Inventory:

Hand Weapons
 a - a +0 hand axe (weapon)
 g - a +0 whip
Armour
 b - a +0 leather armour (worn)
 f - a +0 ring mail
 i - a +0 pair of gloves
Scrolls
 c - a scroll of blinking
 e - a scroll of identify {unknown}
 h - a scroll of teleportation {unknown}
Potions
 d - a potion of berserk rage {unknown}

Dungeon Overview and Level Annotations

Branches:
Dungeon (1/15)

Altars:


Message History

There is an open door here.
There is an open door here.
A rat comes into view.
Enter note: You hit the rat.
You claw the rat.
You kill the rat!
You see here a rat corpse.
A rat comes into view.
The rat twitches its whiskers.
You hit the rat.
You kill the rat!
Found a spear.
A goblin comes into view. It is wielding a +0 club.
The goblin shouts!
An endoplasm comes into view.
731 ||| Stepping ~*~*~tactically~*~*~ (stealth).
A quokka comes into view.
You closely miss the goblin. You claw the goblin.
You kill the goblin!
You closely miss the quokka. You peck the quokka.
The quokka is heavily wounded.
The quokka bites you.
You hit the quokka but do no damage.
The quokka is heavily wounded.
The quokka bites you. x2
You closely miss the quokka. Your peck misses the quokka.
The quokka is moderately wounded.
The quokka closely misses you.
You barely miss the quokka. Your kick misses the quokka.
Your punch misses the quokka.
The quokka is moderately wounded.
The quokka bites you. The endoplasm freezes you.
You are frozen.
You hit the quokka.
You kill the quokka!
You hit the endoplasm. The endoplasm freezes you.
You are frozen.
You die...

....# #7.7
...# #P.P
...# .#
#8.8 ...#
.#### #P.P
..##.....
#7.7
#..)..#
#P.P
#.....#
#7.7
#)J...#
#P.P
#@....#
#7.7
#.....# #.#
##....# #.#
#....# #.#
##....# #..
#.....##
##.
#......#
##.
###......#
#..
.........##
#####..


You could see an endoplasm.

Vanquished Creatures
  A dart slug (D:1)
  A goblin (D:1)
  A hobgoblin (D:1)
  A quokka (D:1)
  3 ball pythons (D:1)
  A frilled lizard (D:1)
  4 rats (D:1)
12 creatures vanquished.

Vanquished Creatures (others)
  3 fungi (D:1)
  6 plants (D:1)
9 creatures vanquished.

Grand Total: 21 creatures vanquished

Notes
Turn   | Place    | Note
-------+----------+-------------------------------------------
     0 | D:1      | qw the Tengu Warper began the quest for the Orb.
     0 | D:1      | Reached XP level 1. HP: 12/12 MP: 4/4
     0 | D:1      | 0 ||| qw: Version: 0.1-a-89-g26bdef1
     0 | D:1      | 0 ||| qw: Game counter: 911
     0 | D:1      | 0 ||| qw: Always use a shield: true
     0 | D:1      | 0 ||| qw: God list: Okawaru
     0 | D:1      | 0 ||| qw: Allow faded altars: false
     0 | D:1      | 0 ||| qw: Do Orc after D:15 true
     0 | D:1      | 0 ||| qw: Do second Lair branch before Depths: true
     0 | D:1      | 0 ||| qw: Lair rune preference: random
     0 | D:1      | 0 ||| qw: Plans: Normal
     0 | D:1      | 0 ||| PLANNING D:1-11
   167 | D:1      | 167 ||| Stepping ~*~*~tactically~*~*~ (stealth).
   193 | D:1      | 193 ||| Stepping ~*~*~tactically~*~*~ (stealth).
   205 | D:1      | Found a faded altar of an unknown god.
   259 | D:1      | 259 ||| Stepping ~*~*~tactically~*~*~ (hiding).
   271 | D:1      | Reached skill level 3 in Axes
   271 | D:1      | Reached XP level 2. HP: 17/17 MP: 6/6
   334 | D:1      | HP: 4/17 [constriction (1)]
   731 | D:1      | 731 ||| Stepping ~*~*~tactically~*~*~ (stealth).
   741 | D:1      | HP: 3/17 [frozen (5)]
   742 | D:1      | Frozen to death by an endoplasm

Levels and vault maps discovered:
D:1:      dpeg_arrival_rooms_a, layout_basic,
          shapermc_ecumenical_altar_mp_urbaneastern,
          dreamdust_princess_corridor, fountainhead

Skill      XL: |  1 |
---------------+----+-----
Axes           | 3 |  3.2
Fighting       | |  2.0
Throwing       | |  1.0
Armour         | |  1.1
Dodging        | |  2.1
Spellcasting   | |  2.0
Translocations | |  2.4

Action                   || total
-------------------------++-------
Melee: Hand axe          ||    30
       Peck              ||     4
       Kick              ||     4
Throw: Boomerang         ||     7
Armor: Leather armour    ||     5
Dodge: Dodged            ||    11

Table legend:
 A = Non-vault XP
 B = Vault XP
 C = Vault XP percentage of total XP
 D = Non-vault monster count
 E = Vault monster count
 F = Vault count percentage of total count
                 A         B        C        D         E       F
            +---------+---------+-------+---------+---------+-------
      Total |      19 |       0 |   0.0 |      12 |       0 |   0.0
            +---------+---------+-------+---------+---------+-------
        D:1 |      19 |       0 |   0.0 |      12 |       0 |   0.0
            +---------+---------+-------+---------+---------+-------
